Map: Ruins of Endion

Players

Miszu

  • Race: Terran Terran
  • League: Master

JeSuisCharli - Winner!

  • Race: Protoss Protoss
  • League: Grandmaster

VOD

Have the link to the VOD?

Description

Time

  • Played on: April 7, 2016, 2:52 p.m.
  • Length: 5:23
Show
View Real Time Build Order
Export as new Build Order

Miszu Terran 

Build Orders: 1/1/1, Liberator Opening 

Get SALT Encoding   

  12  0:00  SCV  
  13  0:12  SCV  
  14  0:17  Supply Depot  
  14  0:25  SCV  
  15  0:39  SCV  
  15  0:40  Barracks  
  16  0:45  Refinery  
  16  0:51  SCV  
  16  0:54  Refinery  
  17  1:03  SCV  
  18  1:15  SCV  
  19  1:27  Orbital Command  
  19  1:28  Marine  
  20  1:37  Supply Depot  
  20  1:42  Factory  
  20  1:46  Marine  
  21  1:53  SCV  
  22  2:04  Marine  
  22  2:05  SCV  
  24  2:17  SCV  
  25  2:24  Marine  
  25  2:26  Starport, Hellion  
  25  2:29  SCV  
  29  2:33  Supply Depot  
  29  2:41  SCV  
  29  2:42  Marine  
  31  2:55  Hellion, SCV  
  31  2:56  Supply Depot  
  34  3:00  Marine  
  34  3:04  Medivac  
  37  3:07  SCV  
  38  3:17  Liberator  
  38  3:18  Hellion  
  40  3:20  Supply Depot  
  40  3:21  SCV  
  40  3:23  Marine  
  42  3:33  SCV  
  46  3:41  Barracks Reactor  
  46  3:44  Factory Tech Lab  
  46  3:48  SCV  
  47  3:55  Command Center  
  47  4:02  Siege Tank  
  50  4:07  SCV  
  49  4:20  Marine  
  49  4:21  Marine  
  49  4:28  Barracks  
  49  4:30  Barracks, SCV  
  48  4:42  SCV  
  48  4:50  Widow Mine  
  50  4:54  SCV  
  51  5:01  Marine  
  51  5:06  SCV  
  53  5:15  Barracks Tech Lab  
  53  5:18  Engineering Bay  
Show
View Real Time Build Order
Export as new Build Order

JeSuisCharli Protoss - Winner!

Build Orders: 1 Gate Expand, Phoenix Opening 

Get SALT Encoding   

  12  0:01  Probe (Chrono Boost)  
  13  0:11  Probe (Chrono Boost)  
  14  0:19  Pylon  
  14  0:22  Probe (Chrono Boost)  
  15  0:37  Probe (Chrono Boost)  
  15  0:38  Gateway  
  15  0:41  Assimilator  
  16  0:47  Probe (Chrono Boost)  
  17  0:58  Probe (Chrono Boost)  
  18  1:08  Probe (Chrono Boost)  
  19  1:19  Probe (Chrono Boost)  
  19  1:23  Nexus  
  20  1:33  Cybernetics Core  
  20  1:37  Probe (Chrono Boost)  
  21  1:41  Assimilator  
  21  1:47  Probe (Chrono Boost)  
  21  1:52  Pylon  
  22  1:58  Probe (Chrono Boost)  
  23  2:10  Probe (Chrono Boost)  
  23  2:12  Adept (Chrono Boost)  
  26  2:21  Stargate  
  26  2:23  Probe  
  26  2:27  Warp Gate (Chrono Boost)  
  27  2:35  Probe  
  27  2:36  Adept (Chrono Boost), Probe  
  30  2:45  Probe  
  31  2:54  Probe  
  31  2:55  Mothership Core  
  34  3:01  Gateway  
  34  3:08  Gateway  
  34  3:12  Phoenix (Chrono Boost)  
  34  3:13  Adept  
  38  3:20  Probe  
  38  3:21  Probe  
  40  3:31  Pylon  
  40  3:35  Phoenix (Chrono Boost)  
  40  3:37  Adept  
  44  3:44  Probe x2  
  46  3:57  Probe  
  47  4:06  Phoenix (Chrono Boost)  
  49  4:23  Probe x2  
  51  4:27  Phoenix (Chrono Boost)  
  53  4:34  Pylon  
  53  4:35  Probe  
  53  4:38  Twilight Council  
  54  4:52  Probe x2  
  58  4:53  Phoenix (Chrono Boost)  
  58  4:55  Assimilator  
  58  4:56  Assimilator  
  58  5:04  Probe x2  
  60  5:17  Gateway  
Tags
 
Add a new tag
Caveats
  • Supply blocks, unpowered buildings, or Contaminate may cause inaccurate times.
  • Supply counts are checked every 10 seconds.